Map: Moebius Facility XX-1

Players

TacocaT

  • Race: Terran Terran

SPARKEATER

  • Race: Terran Terran
  • League: Gold

Zombie

  • Race: Protoss Protoss

Epic

  • Race: Zerg Zerg

VOD

Have the link to the VOD?

Description

Time

  • Played on: July 12, 2016, 2:10 p.m.
  • Length: 3:54
Show
View Real Time Build Order
Export as new Build Order

TacocaT Terran 

Build Orders:  

Get SALT Encoding   

  12  0:01  SCV  
  13  0:14  Supply Depot  
  13  0:19  SCV  
  14  0:31  SCV  
  15  0:38  Barracks  
  15  0:43  Refinery  
  15  0:46  SCV  
  16  0:58  SCV  
  17  1:10  SCV  
  18  1:22  SCV  
  18  1:23  Refinery  
  19  1:26  Marine  
  20  1:34  SCV  
  20  1:36  Supply Depot  
  21  1:44  Marine  
  21  1:46  SCV  
  23  1:58  SCV  
  23  2:00  Supply Depot  
  24  2:03  Barracks Tech Lab  
  24  2:10  SCV  
  25  2:26  Supply Depot  
  25  2:30  Factory  
  25  2:31  Orbital Command  
  24  2:58  SCV  
  25  3:11  SCV  
  26  3:16  Command Center, Engineering Bay  
  28  3:20  Marauder  
Show
View Real Time Build Order
Export as new Build Order

SPARKEATER Terran 

Build Orders:  

Get SALT Encoding   

  12  0:00  SCV  
  13  0:13  SCV  
  14  0:25  SCV  
  14  0:28  Supply Depot  
  15  0:49  SCV  
  16  0:51  Barracks  
  16  0:55  Refinery  
  16  1:02  SCV  
  17  1:14  SCV  
  18  1:26  SCV  
  19  1:38  SCV, Marine  
  21  1:46  Supply Depot  
  21  1:50  SCV  
  22  1:57  Factory  
  22  2:01  Marine  
  22  2:02  Command Center  
  23  2:09  Orbital Command  
  23  2:28  Marine  
  24  2:36  SCV  
  25  2:42  Starport  
  25  2:45  Supply Depot  
  25  2:46  Marine  
  26  2:57  SCV  
  27  3:04  Marine  
  28  3:09  SCV  
  29  3:18  Orbital Command  
  29  3:22  SCV  
  29  3:25  Marine  
Show
View Real Time Build Order
Export as new Build Order

Zombie Protoss 

Build Orders: Oracle Opening 

Get SALT Encoding   

  12  0:01  Probe (Chrono Boost)  
  13  0:14  Probe (Chrono Boost)  
  14  0:28  Probe (Chrono Boost)  
  15  0:32  Pylon  
  15  0:50  Probe (Chrono Boost)  
  15  0:55  Gateway  
  16  0:57  Assimilator  
  16  1:02  Pylon  
  16  1:05  Probe (Chrono Boost)  
  17  1:16  Probe (Chrono Boost)  
  17  1:18  Pylon  
  18  1:24  Assimilator  
  18  1:26  Probe (Chrono Boost)  
  19  1:38  Probe (Chrono Boost)  
  20  1:43  Cybernetics Core  
  20  1:46  Zealot  
  22  1:51  Probe (Chrono Boost)  
  23  2:02  Probe (Chrono Boost)  
  24  2:12  Probe (Chrono Boost)  
  24  2:14  Zealot  
  25  2:22  Stargate  
  27  2:38  Zealot  
  29  2:47  Stargate  
  29  2:55  Pylon  
  29  3:01  Zealot  
  29  3:05  Pylon  
  31  3:08  Oracle  
  34  3:25  Zealot  
  34  3:28  Nexus  
Show
View Real Time Build Order
Export as new Build Order

Epic Zerg 

Build Orders: Pool Only 

Get SALT Encoding   

  12  0:02  Drone  
  13  0:09  Drone  
  14  0:18  Extractor  
  14  0:21  Drone  
  14  0:36  Spawning Pool  
  14  0:38  Drone  
  14  0:48  Overlord  
  14  1:06  Drone  
  14  1:07  Drone x2  
  17  1:23  Queen  
  19  1:28  Metabolic Boost  
  19  1:33  Drone  
  19  1:36  Zergling x2  
  21  1:47  Zergling x2  
  21  1:50  Overlord  
  22  2:07  Overlord  
  22  2:12  Zergling x2  
  23  2:22  Lair  
  23  2:23  Zergling x2  
  24  2:31  Zergling x2  
  24  2:32  Zergling x4  
  24  2:36  Zergling x2  
  28  2:53  Zergling x2  
  29  3:05  Zergling x8  
Tags
 
Add a new tag
Caveats
  • Supply blocks, unpowered buildings, or Contaminate may cause inaccurate times.
  • Supply counts are checked every 10 seconds.